 Dungeon Crawl Stone Soup version 0.29.1-12-g30fa7ad0bf (webtiles) character file.

Game seed: 10023807127480680940

88 H0rd4k the Charlatan (level 4, 0/30 HPs)
             Began as an Octopode Artificer on Dec 13, 2022.
             Succumbed to an orc's poison
             ... on level 3 of the Dungeon.
             The game lasted 00:01:37 (3161 turns).

H0rd4k the Charlatan (Octopode Artificer)           Turns: 3161, Time: 00:01:37

Health: 0/30       AC:  1    Str: 11    XL:     4   Next: 54%
Magic:  7/7        EV: 13    Int: 15    God:
Gold:   139        SH:  0    Dex: 12    Spells: 7/7 levels left

rFire   . . .      SeeInvis .     - Unarmed
rCold   + . .      Faith    .   (no shield)
rNeg    . . .      Spirit   .   (helmet restricted)
rPois   .          Reflect  .   (no amulet)
rElec   .          Harm     .   j - ring of protection from cold
rCorr   .          Rampage  .   (no ring)
Will    .....                   (no ring)
Stlth   +++.......              (no ring)
HPRegen 0.10/turn               (no ring)
MPRegen 0.10/turn               (no ring)
                                (no ring)
                                (no ring)

@: lethally poisoned (0 -> -21)
A: almost no armour, amphibious, 8 rings, camouflage 1, gelatinous body 1,
(nimble swimmer 1), tentacles
a: no special abilities


You were on level 3 of the Dungeon.
You visited 1 branch of the dungeon, and saw 3 of its levels.

You collected 139 gold pieces.

Inventory:

Missiles
 u - 14 poisoned darts
Jewellery
 j - a ring of protection from cold (left tentacle)
Wands
 b - a wand of flame (15) (quivered)
 c - a wand of charming (15)
 d - a wand of iceblast (5)
Scrolls
 a - 3 scrolls of identify {unknown}
 e - a scroll of vulnerability {unknown}
 h - 3 scrolls of acquirement {unknown}
 i - a scroll of torment {unknown}
 l - a scroll of enchant armour {unknown}
 m - a scroll of noise {unknown}
 n - a scroll of teleportation {unknown}
 o - a scroll of silence {unknown}
 p - 3 scrolls of fear {unknown}
 r - a scroll of poison {unknown}
Potions
 f - a potion of degeneration {unknown}
 g - a potion of attraction {unknown}
 k - a potion of curing {unknown}
 q - a potion of flight {unknown}
 s - a potion of might {unknown}
 t - a potion of brilliance {unknown}


   Skills:
 * Level 2.4 Fighting
 - Level 2.3 Dodging
 - Level 1.3 Stealth
 + Level 1.8 Unarmed Combat
 * Level 2.2 Spellcasting
 - Level 3.2 Evocations


You had 7 spell levels left.
You didn't know any spells.
Your spell library contained the following spells:

 Spells                   Type           Power      Damage    Failure   Level
 Sandblast                Erth           2%         2d4       22%         1
 Summon Small Mammal      Summ           4%         N/A       22%         1
 Passwall                 Tmut/Erth      0%         N/A       32%         2
 Call Canine Familiar     Summ           1%         N/A       54%         3
 Stone Arrow              Conj/Erth      2%         3d7       54%         3
 Summon Guardian Golem    Hex/Summ       1%         N/A       54%         3


Dungeon Overview and Level Annotations

Branches:
Dungeon (3/15)

Altars:

Annotations:
D:1 exclusion: downstairs
D:2 Robin


Innate Abilities, Weirdness & Mutations

You cannot wear most types of armour.
You are amphibious.
You can wear up to eight rings at the same time.
Your skin changes colour to match your surroundings (Stealth+).
Your rubbery body absorbs attacks. (AC +1, EV +1)
((You are camouflaged when in or above water. (Stealth+)))
You have tentacles for arms and can constrict up to eight enemies at once.


Message History

You grab the orc. You constrict the orc. The orc closely misses you.
You tentacle-slap the orc but do no damage.
The orc is lightly wounded.
You constrict the orc. The orc hits you with a +0 club.
You tentacle-slap the orc.
The orc is almost dead.
You constrict the orc.
You kill the orc!
You tentacle-slap the orc. You grab the orc.
The orc is heavily wounded.
You constrict the orc. The orc closely misses you.
You tentacle-slap the orc.
The orc is almost dead.
You constrict the orc.
You kill the orc!
The orc hits you with a +0 hand axe of venom.
You are poisoned.
You barely miss the orc. Your grab misses the orc.
Your tentacle-slap misses the orc.
You feel very sick.
The orc hits you with a +0 hand axe of venom.
You are lethally poisoned!
You are too injured to fight recklessly!
You are too injured to fight recklessly!
You are too injured to fight recklessly!
You tentacle-slap the orc but do no damage.
You grab the orc. You constrict the orc.
You feel very sick.
The orc hits you with a +0 hand axe of venom.
* * * LOW HITPOINT WARNING * * *
You are more poisoned.
You tentacle-slap the orc. You squeeze the orc.
The orc is severely wounded.
You constrict the orc.
* * * LOW HITPOINT WARNING * * *
You feel very sick. The orc misses you.
You tentacle-slap the orc.
You kill the orc!
You die...

###.........
#.........
#.........
#.........
#.........
##........
#.).......
#)........
#@........
......))...#####
...........#
...........#
#..........#
#.......####
#########


There were no monsters in sight!

Vanquished Creatures
  2 adders
  3 worms
  2 dart slugs
  4 orcs (D:3)
  5 ball pythons
  4 bats
  3 endoplasms (D:1)
  2 giant cockroaches
  5 goblins
  4 hobgoblins
  2 jackals (D:2)
  3 quokkas
  3 frilled lizards
  6 kobolds
  7 rats
55 creatures vanquished.

Notes
Turn   | Place    | Note
-------+----------+-------------------------------------------
     0 | D:1      | H0rd4k the Octopode Artificer began the quest for the Orb.
     0 | D:1      | Reached XP level 1. HP: 13/13 MP: 1/1
   499 | D:1      | Reached XP level 2. HP: 12/18 MP: 3/3
   512 | D:1      | Reached skill level 1 in Spellcasting
  1286 | D:1      | Reached XP level 3. HP: 24/24 MP: 5/5
  1686 | D:2      | Identified the +0 helmet of Tiwnut {Stlth+}
  1686 | D:2      | Noticed Robin
  2069 | D:2      | Reached skill level 1 in Unarmed Combat
  2285 | D:2      | Found a faded altar of an unknown god.
  2338 | D:2      | Reached XP level 4. HP: 21/29 MP: 7/7
  3161 | D:3      | Succumbed to an orc's poison

Illustrated notes

Levels and vault maps discovered:
D:1:      onia_arrival_handbag, layout_basic
D:2:      layout_basic, ebering_ecumenical_altar_box, uniq_robin
D:3:      layout_basic

Skill      XL: |  1  2  3 |
---------------+----------+-----
Spellcasting   | 1 2 |  2.2
Fighting       | 2 |  2.4
Unarmed Combat | 1 |  1.8
Dodging        | |  2.3
Stealth        | |  1.3
Evocations     | |  3.2

Action                   |  1- 3 |  4- 6 || total
-------------------------+-------+-------++-------
Melee: Unarmed           |   107 |    39 ||   146
       Constrict         |    30 |    12 ||    42
       Tentacles         |    17 |     7 ||    24
       Punch             |     6 |       ||     6
 Stab: Sleeping          |    12 |     4 ||    16
Armor: Skin              |    11 |     1 ||    12
Dodge: Dodged            |    60 |    24 ||    84
